 Dungeon Crawl Stone Soup version 0.29-a0-824-gd827844252 (webtiles) character file.

Game seed: 867519216542566370

352 buhh the Insei (level 6, 0/42 HPs)
             Began as an Octopode Transmuter on July 9, 2022.
             Slain by a gnoll
             ... wielding a +0 whip
             ... led by a gnoll bouda
              (5 damage)
             ... on level 4 of the Dungeon.
             The game lasted 00:03:07 (4070 turns).

buhh the Insei (Octopode Transmuter)                Turns: 4070, Time: 00:03:07

Health: 0/42       AC:  1    Str:  9    XL:     6   Next: 62%
Magic:  8/9        EV: 14    Int: 17    God:
Gold:   138        SH:  0    Dex: 13    Spells: 3/9 levels left

rFire   . . .      SeeInvis .     - Unarmed
rCold   . . .      Faith    .   (no shield)
rNeg    . . .      Spirit   .   (helmet currently unavailable)
rPois   .          Reflect  .   (no amulet)
rElec   .          Harm     .   (no ring)
rCorr   .          Rampage  .   (no ring)
Will    .....                   (no ring)
Stlth   +++.......              (no ring)
HPRegen 0.14/turn               (no ring)
MPRegen 0.11/turn               (no ring)
                                (no ring)
                                (no ring)

@: appendages
A: tentacle spike 3, almost no armour, amphibious, 8 rings, camouflage 1,
gelatinous body 1, (nimble swimmer 1), tentacles
a: End Transformation


You were on level 4 of the Dungeon.
One of your tentacles had grown a beastly spike.
You visited 1 branch of the dungeon, and saw 4 of its levels.

You collected 138 gold pieces.

Inventory:

Missiles
 k - 3 poisoned darts
Jewellery
 a - a +4 ring of slaying
 d - a ring of fire
 n - a +4 ring of evasion
Wands
 o - a wand of charming (2)
Scrolls
 c - a scroll of poison {unknown}
 e - 2 scrolls of teleportation {unknown}
 g - a scroll of noise {unknown}
 h - 3 scrolls of identify {unknown}
 i - a scroll of immolation {unknown}
 j - 2 scrolls of magic mapping {unknown}
 p - a scroll of silence {unknown}
Potions
 b - 4 potions of curing {unknown}
 f - 2 potions of cancellation {unknown}
 l - a potion of resistance {unknown}
 m - a potion of attraction {unknown}


   Skills:
 + Level 3.3 Fighting
 + Level 3.9 Dodging
 - Level 2.0 Stealth
 + Level 4.6 Unarmed Combat
 - Level 2.0 Spellcasting
 - Level 2.0 Transmutations
 * Level 1.9 Poison Magic


You had 3 spell levels left.
You knew the following spells:

 Your Spells              Type           Power      Damage    Failure   Level
a - Beastly Appendage     Tmut           16%        N/A       9%          1
b - Wereblood             Tmut           8%         N/A       13%         2
c - Spider Form           Tmut/Pois      8%         N/A       26%         3

Your spell library contained the following spells:

 Spells                   Type           Power      Damage    Failure   Level
 Ice Form                 Ice/Tmut       5%         N/A       77%         4


Dungeon Overview and Level Annotations

Branches:
Dungeon (4/15) Zot: 19936
 Temple: D:4-7

Altars:
Qazlal

Annotations:
D:3 3 runed translucent doors, xian's ghost, amateur DsFi


Innate Abilities, Weirdness & Mutations

One of your tentacles has grown a beastly spike.
You cannot wear most types of armour.
You are amphibious.
You can wear up to eight rings at the same time.
Your skin changes colour to match your surroundings (Stealth+).
Your rubbery body absorbs attacks. (AC +1, EV +1)
((You are camouflaged when in or above water. (Stealth+)))
You have tentacles for arms and can constrict up to eight enemies at once.


Message History

Level annotation: 3 runed translucent doors, xian's ghost, amateur DsFi
There is a stone staircase leading down here.
Your tentacle spike disappears.
You turn into a venomous arachnid creature.
The gnoll bouda completely misses you.
You hit the gnoll bouda but do no damage.
The gnoll bouda misses you.
You hit the gnoll bouda.
The gnoll bouda is lightly wounded.
The gnoll bouda barely misses you.
You hit the gnoll bouda.
The gnoll bouda is moderately wounded.
The gnoll bouda hits you with a +3 whip!
You hit the gnoll bouda but do no damage.
The gnoll bouda is poisoned.
The gnoll bouda is moderately wounded.
The gnoll bouda closely misses you.
You hit the gnoll bouda.
The gnoll bouda looks as sick as possible!
The gnoll bouda is severely wounded.
You hit the gnoll bouda.
You kill the gnoll bouda!
You start resting.
Your transformation is almost over.
Your transformation has ended.
You start resting.
Magic restored.
You start resting.
You start resting.
HP restored.
One of your tentacles grows a vicious spike.
You climb downwards.
The gnoll hits you with a +0 whip. The gnoll hits you with a +0 whip!
The gnoll hits you with a +0 flail!
There is a stone staircase leading up, spattered with blood here.
The gnoll hits you with a +0 flail!
* * * LOW HITPOINT WARNING * * *
The gnoll hits you with a +0 whip.
* * * LOW HITPOINT WARNING * * *
The gnoll hits you with a +0 whip.
You die...

........ .......#
......# ......
###.... ....
###....# ....
..##....g## .g...
#.......@.# .....
#....(.gg)## .....#
#....#.....##......
..## ##............
. #.............
)...........[...
...#...........#.
...#...........#
.....##:.......#


You could see 3 gnolls.

Vanquished Creatures
  Sigmund (D:2)
  A jelly (D:3)
  A gnoll bouda (D:3)
  Terence (D:2)
  Robin (D:2)
  2 gnolls
  An adder (D:2)
  A worm (D:3)
  A dart slug (D:2)
  6 ball pythons
  4 endoplasms
  2 giant cockroaches
  12 goblins
  11 hobgoblins
  4 quokkas
  3 bats
  7 frilled lizards
  5 kobolds
  3 rats
67 creatures vanquished.

Notes
Turn   | Place    | Note
-------+----------+-------------------------------------------
     0 | D:1      | buhh the Octopode Transmuter began the quest for the Orb.
     0 | D:1      | Reached XP level 1. HP: 13/13 MP: 3/3
   297 | D:1      | Reached XP level 2. HP: 15/18 MP: 3/5
   666 | D:1      | Found a faded altar of an unknown god.
  1169 | D:1      | Reached XP level 3. HP: 23/23 MP: 4/6
  1464 | D:1      | Learned a level 2 spell: Wereblood
  1468 | D:1      | Learned a level 3 spell: Spider Form
  1773 | D:2      | Noticed Terence
  1795 | D:2      | Killed Terence
  1817 | D:2      | Noticed Sigmund
  1839 | D:2      | Killed Sigmund
  1840 | D:2      | Reached skill level 4 in Unarmed Combat
  1840 | D:2      | Reached XP level 4. HP: 28/31 MP: 4/7
  1840 | D:2      | Reached XP level 5. HP: 32/36 MP: 4/8
  1853 | D:2      | Noticed Robin
  2154 | D:2      | Reached XP level 6. HP: 41/42 MP: 7/9
  2169 | D:2      | Killed Robin
  2903 | D:3      | Found a runed translucent gate.
  2905 | D:3      | Found a runed translucent gate.
  2906 | D:3      | Found a runed translucent gate.
  2909 | D:3      | Noticed xian's ghost (amateur DsFi)
  3603 | D:3      | Found a stormy altar of Qazlal.
  4070 | D:4      | Slain by a gnoll

Illustrated notes

Levels and vault maps discovered:
D:1:      matt_arrival_spirals, layout_basic, nicolae_ecumenical_snake_handling
D:2:      layout_basic, minmay_tiny_reverse_x, uniq_terence, uniq_robin,
          uniq_sigmund
D:3:      layout_loops_corners, general_overflow_altar, gammafunk_ghost_split
D:4:      layout_cave_pools, nicolae_tso_swordbearing_angel,
          chequers_serial_rivers_small_3, minmay_misc_feat_encased

Skill      XL: |  1  2  3 |
---------------+----------+-----
Stealth        | 1 2 |  2.0
Poison Magic   | 1 |  1.9
Fighting       | 3 |  3.3
Dodging        | 3 |  3.9
Unarmed Combat | 4 |  4.6
Spellcasting   | |  2.0
Transmutations | |  2.0

Action                   |  1- 3 |  4- 6 || total
-------------------------+-------+-------++-------
Melee: Unarmed           |    64 |    81 ||   145
       Kick              |    14 |    15 ||    29
       Constrict         |    14 |    12 ||    26
       Tentacles         |     7 |    12 ||    19
       Punch             |     2 |       ||     2
 Cast: Beastly Appendage |    20 |    24 ||    44
       Spider Form       |     2 |     1 ||     3
       Wereblood         |       |     1 ||     1
  Use: Potion            |     1 |     1 ||     2
 Stab: Sleeping          |    10 |     8 ||    18
       Distracted        |       |     1 ||     1
Armor: Skin              |     7 |    33 ||    40
Dodge: Dodged            |    29 |    42 ||    71

Table legend: (Time is in decaauts)
 A = Elapsed time spent in this place.
 B = Non-inter-level travel time spent in this place.
 C = Inter-level travel time spent in this place.
 D = Time resting spent in this place.
 E = Time spent auto-exploring this place.
 F = Levels seen in this place.
 G = Mean time per level.
                   A        B        C        D        E       F      G
               +--------+--------+--------+--------+--------+-----+--------+
         Total |   4062 |   3875 |    187 |    307 |   3076 |   4 | 1015.5 |
       Dungeon |   4062 |   3875 |    187 |    307 |   3076 |   4 | 1015.5 |
               +--------+--------+--------+--------+--------+-----+--------+

Top non-repeatable levels by time:
     D:1: 1404 daAuts
     D:3: 1373 daAuts
     D:2: 1264 daAuts
     D:4: 20 daAuts
